 Dungeon Crawl Stone Soup version 0.28.0 (webtiles) character file.

Game seed: 13686878606737844682

98 zeram the Caller (level 4, 0/27 HPs)
             Began as an Octopode Summoner on Feb 15, 2022.
             Slain by a crimson imp (3 damage)
             ... on level 3 of the Dungeon.
             The game lasted 00:03:19 (2733 turns).

zeram the Caller (Octopode Summoner)                Turns: 2733, Time: 00:03:20

Health: 0/27       AC:  1    Str:  7    XL:     4   Next: 71%
Magic:  5/7        EV: 13    Int: 19    God:
Gold:   190        SH:  0    Dex: 12    Spells: 1/7 levels left

rFire   . . .      SeeInvis .   i - +1 whip (pain)
rCold   . . .      Faith    .   (no shield)
rNeg    . . .      Spirit   .   (helmet restricted)
rPois   .          Reflect  .   (no amulet)
rElec   .          Harm     .   (no ring)
rCorr   .          Rampage  .   (no ring)
Will    .....                   (no ring)
Stlth   +++.......              (no ring)
HPRegen 0.09/turn               (no ring)
MPRegen 0.10/turn               (no ring)
                                (no ring)
                                (no ring)

@: no status effects
A: almost no armour, amphibious, 8 rings, camouflage 1, gelatinous body 1,
(nimble swimmer 1), tentacles
a: no special abilities


You were on level 3 of the Dungeon.
You visited 1 branch of the dungeon, and saw 3 of its levels.

You collected 190 gold pieces.

Inventory:

Hand Weapons
 d - a +0 dagger
 i - a +1 whip of pain (weapon)
Missiles
 f - 5 poisoned darts (quivered)
Wands
 k - a wand of iceblast (10)
Scrolls
 a - a scroll of noise {unknown}
 b - 2 scrolls of enchant weapon {unknown}
 e - a scroll of enchant armour {unknown}
Potions
 c - 2 potions of ambrosia
 g - 4 potions of haste {unknown}
 h - a potion of curing {unknown}
 j - a potion of mutation {unknown}


   Skills:
 - Level 0.3 Fighting
 + Level 3.1 Dodging
 - Level 3.1 Stealth
 + Level 2.4 Spellcasting
 + Level 4.9 Summonings


You had one spell level left.
You knew the following spells:

 Your Spells              Type           Power      Damage    Failure   Level
a - Summon Small Mammal   Summ           84%        N/A       2%          1
b - Call Imp              Summ           21%        N/A       3%          2
c - Call Canine Familiar  Summ           21%        N/A       6%          3

Your spell library contained the following spells:

 Spells                   Type           Power      Damage    Failure   Level
 Summon Guardian Golem    Hex/Summ       11%        N/A       17%         3
 Portal Projectile        Hex/Tloc       4%         N/A       43%         3
 Summon Lightning Spire   Summ/Air       11%        N/A       50%         4
 Leda's Liquefaction      Hex/Erth       1%         N/A       85%         4


Dungeon Overview and Level Annotations

Branches:
Dungeon (3/15)

Altars:
Makhleb
Vehumet

Shops:
D:1 :


Innate Abilities, Weirdness & Mutations

You cannot wear most types of armour.
You are amphibious.
You can wear up to eight rings at the same time.
Your skin changes colour to match your surroundings (Stealth+).
Your rubbery body absorbs attacks. (AC +1, EV +1)
((You are camouflaged when in or above water. (Stealth+)))
You have tentacles for arms and can constrict up to eight enemies at once.


Message History

[Y]es or [N]o only, please.
The spell is quite dangerous to miscast (6% risk of failure)!
Continue anyway?
Okay, then.
Casting: Call Canine Familiar (quite dangerous; 6% risk of failure)
Confirm with . or Enter, or press ? or * to list all spells.
The crimson imp hits you.
You hit the crimson imp but do no damage.
Your grab misses the crimson imp. Your squeeze misses the crimson imp.
The crimson imp is lightly wounded.
Your bat closely misses the crimson imp.
The crimson imp blinks!
Unknown command.
There is an open door here.
You now have 190 gold pieces (gained 6).
There are no items here.
You swap places.
The crimson imp hits you.
* * * LOW HITPOINT WARNING * * *
There is an open door here.
You closely miss the crimson imp. You grab the crimson imp.
You squeeze the crimson imp!
The crimson imp is severely wounded.
You constrict the crimson imp.
The crimson imp blinks free!
You barely miss the crimson imp. You grab the crimson imp.
The crimson imp is severely wounded.
You constrict the crimson imp, but do no damage.
The crimson imp hits you.
* * * LOW HITPOINT WARNING * * *
You swap places.
You release your grip on the crimson imp.
Your bat closely misses the crimson imp.
The crimson imp blinks!
Your crimson imp hits the crimson imp but does no damage.
Your bat completely misses the crimson imp.
You miss the crimson imp. You grab the crimson imp.
The crimson imp is moderately wounded.
You constrict the crimson imp. Your bat hits the crimson imp.
Your bat hits the crimson imp but does no damage.
The crimson imp hits you.
You die...

##.## #.# ##...#####.######
##...)5..........###
.###.......###.##.....#
..........b.##.##.###.#######
.###............### #<.......
##.....#.#####.###.#######
##...##...##b5_#..#
.....###.#.'.@5.#### ######
#.####.._# #.#####.##
#.....### #######


You could see a crimson imp (ally target), a friendly crimson imp (summoned) and
a friendly bat (summoned).

Vanquished Creatures
  An adder (D:2)
  A dart slug (D:1)
  4 ball pythons (D:1)
  5 endoplasms
  2 giant cockroaches
  2 goblins
  2 hobgoblins (D:1)
  2 jackals (D:2)
  2 kobolds
  A quokka (D:1)
  2 bats (D:1)
  3 frilled lizards
  2 rats
29 creatures vanquished.

Vanquished Creatures (collateral kills)
  Jessica (D:2)
  2 adders (D:2)
  A worm (D:2)
  2 jackals (D:2)
  A quokka (D:1)
  A frilled lizard (D:1)
  A kobold (D:1)
  A rat (D:1)
10 creatures vanquished.

Vanquished Creatures (others)
  A demonic plant (D:1)
1 creature vanquished.

Grand Total: 40 creatures vanquished

Notes
Turn   | Place    | Note
-------+----------+-------------------------------------------
     0 | D:1      | zeram the Octopode Summoner began the quest for the Orb.
     0 | D:1      | Reached XP level 1. HP: 11/11 MP: 3/3
    50 | D:1      | Found Kiynlor's Book Shop.
   440 | D:1      | Reached XP level 2. HP: 15/17 MP: 0/5
  1107 | D:1      | Reached XP level 3. HP: 18/21 MP: 3/6
  1110 | D:1      | Learned a level 2 spell: Call Imp
  1114 | D:1      | Learned a level 3 spell: Call Canine Familiar
  1145 | D:1      | Found a faded altar of an unknown god.
  1145 | D:1      | Noticed a Hell Sentinel
  1823 | D:2      | Noticed Jessica
  1837 | D:2      | Killed Jessica
  1838 | D:2      | Reached XP level 4. HP: 10/27 MP: 1/7
  2701 | D:3      | Found a burning altar of Makhleb.
  2701 | D:3      | Found a radiant altar of Vehumet.
  2733 | D:3      | Slain by a crimson imp

Illustrated notes

Levels and vault maps discovered:
D:1:      eino_arrival_cavern_a, layout_basic,
          dreamdust_ecumenical_altar_sealed_demon, serial_shops, shop_fountains,
          hex_intersection
D:2:      layout_loops_cross, wander_ebering_terrifying_dragon_lair,
          uniq_jessica
D:3:      layout_loops_ring, grunt_temple_overflow_lords_of_destruction,
          gammafunk_ghost_split, grunt_ministairs_13, item_on_display_b,
          uniq_grinder, uniq_crazy_yiuf_cottage, uniq_terence, uniq_robin

Skill      XL: |  1  2  3  4 |
---------------+-------------+-----
Stealth        | 3 |  3.1
Dodging        | 3 |  3.1
Fighting       | |  0.3
Spellcasting   | |  2.4
Summonings     | |  4.9

Action                   |  1- 3 |  4- 6 || total
-------------------------+-------+-------++-------
Melee: Unarmed           |    37 |       ||    37
       Tentacles         |    16 |     7 ||    23
       Constrict         |    18 |     7 ||    25
       Dagger            |    26 |    13 ||    39
       Whip              |       |    17 ||    17
Throw: Dart              |     1 |       ||     1
 Cast: Summon Small Mamm |    22 |     1 ||    23
       Call Imp          |     3 |     2 ||     5
  Use: Scroll            |     3 |       ||     3
 Stab: Sleeping          |     4 |     2 ||     6
Armor: Skin              |     6 |       ||     6
Dodge: Dodged            |    61 |    18 ||    79
